 Dungeon Crawl Stone Soup version 0.21.1-1-g345015f (webtiles) character file.

17919 Inchmeat the Bludgeoner (level 12, -3/77 HPs)
             Began as a Gargoyle Gladiator on June 7, 2018.
             Was the Champion of Zin.
             Slain by a cyclops (24 damage)
             ... on level 2 of the Orcish Mines.
             The game lasted 00:30:24 (17843 turns).

Inchmeat the Bludgeoner (Gargoyle Gladiator)       Turns: 17843, Time: 00:30:24

Health: -3/77      AC: 22    Str: 22    XL:     12   Next: 53%
Magic:  4/4        EV:  9    Int: 14    God:    Zin [******]
Gold:   754        SH:  0    Dex: 11    Spells: 5/11 levels left

rFire    . . .     SeeInvis +   A - +1 great mace of Mastery {antimagic, Int+2 SInv}
rCold    . . .     Gourm    .   (shield currently unavailable)
rNeg     + . .     Faith    .   t - +0 chain mail
rPois    ∞         Spirit   .   c - +0 helmet
rElec    +         Reflect  .   G - +0 cloak
rCorr    .         Harm     .   F - +0 pair of gloves
MR       .....                  (no boots)
Stlth    ..........             w - amulet of regeneration
HPRegen  0.62/turn              C - ring of flight
MPRegen  0.09/turn              K - +4 ring of strength

@: very slightly contaminated, invisible
A: negative energy resistance 1, electricity resistance, weak 1, unbreathing,
petrification resistance, rot immunity, AC +8
a: Recite, Vitalisation, Imprison, Sanctuary, Donate Gold, Renounce Religion,
Evoke Flight


You were on level 2 of the Orcish Mines.
You worshipped Zin.
Zin was exalted by your worship.
You were not hungry.

You visited 3 branches of the dungeon, and saw 15 of its levels.
You also visited: Sewer.

You collected 1271 gold pieces.
You spent 390 gold pieces at shops.
You donated 127 gold pieces to Zin.

Inventory:

Hand Weapons
 a - a +0 flail
 x - a +0 flail of protection
 A - the +1 great mace of Mastery (weapon) {antimagic, Int+2 SInv}
   (You bought it in a shop on level 5 of the Dungeon)

   It reduces the magical energy of the wielder, and disrupts the spells and
   magical abilities of those hit.
   Natural abilities and divine invocations are not affected.
   It affects your intelligence (+2).
   It lets you see invisible.
 J - a +0 whip of electrocution
 R - a +2 scimitar of flaming
Missiles
 S - 2 throwing nets (quivered)
Armour
 c - a +0 helmet (worn)
 q - a +1 buckler
 t - a +0 chain mail (worn)
 F - a +0 pair of gloves (worn)
 G - a +0 cloak (worn)
Magical Staves
 i - an uncursed staff of earth
Jewellery
 l - an uncursed amulet of guardian spirit
 w - an amulet of regeneration (around neck)
 C - a ring of flight (left hand)
 K - a +4 ring of strength (right hand)
 P - the ring "Ficezis" {rElec rF+ AC+4 Str-4 Dex+8, unknown}
   (You took it off Psyche on level 8 of the Dungeon)

   [ring of protection]

   It affects your AC (+4).
   It affects your strength (-4).
   It affects your dexterity (+8).
   It protects you from fire.
   It insulates you from electricity.
Wands
 d - a wand of paralysis (36)
 h - a wand of digging (32)
 m - a wand of flame (32)
 r - a wand of enslavement (16)
 H - a wand of disintegration (14)
 N - a wand of iceblast (8)
Scrolls
 b - 7 scrolls of remove curse {@r2}
 e - 4 scrolls of enchant weapon {unknown}
 k - 4 scrolls of amnesia
 o - a scroll of fear {unknown}
 p - 2 scrolls of teleportation
 s - 2 scrolls of holy word {unknown}
 v - a scroll of blinking
 y - 2 scrolls of fog {unknown}
 z - 2 scrolls of magic mapping
 B - a scroll of enchant armour
 E - 4 scrolls of noise {unknown}
Potions
 g - 9 potions of flight
 u - 4 potions of brilliance
 I - a potion of agility {unknown}
 M - a potion of might
Books
 n - a book of Necromancy

   Spells                             Type                      Level
   a - Pain                           Necromancy                   1
   b - Animate Skeleton               Necromancy                   1
   c - Vampiric Draining              Necromancy                   3
   d - Regeneration                   Charms/Necromancy            3
   e - Animate Dead                   Necromancy                   4
   f - Borgnjor's Vile Clutch         Necromancy/Earth             5
   Zin disapproves of the use of such an item.
 D - a book of Power

   Spells                             Type                      Level
   a - Iskenderun's Battlesphere      Conjuration/Charms           5
   b - Venom Bolt                     Conjuration/Poison           5
   c - Bolt of Magma                  Conjuration/Fire/Earth       5
   d - Iron Shot                      Conjuration/Earth            6
   e - Orb of Destruction             Conjuration                  7
   f - Spellforged Servitor           Conjuration/Summoning        7
 L - a Young Poisoner's Handbook

   Spells                             Type                      Level
   a - Sting                          Conjuration/Poison           1
   b - Poisonous Vapours              Poison/Air                   2
   c - Mephitic Cloud                 Conjuration/Poison/Air       3
   d - Olgreb's Toxic Radiance        Poison                       4
   e - Venom Bolt                     Conjuration/Poison           5
 O - a book of Callings

   Spells                             Type                      Level
   a - Summon Small Mammal            Summoning                    1
   b - Call Imp                       Summoning                    2
   c - Call Canine Familiar           Summoning                    3
   d - Summon Guardian Golem          Hexes/Summoning              3
   e - Summon Lightning Spire         Summoning/Air                4
   f - Summon Ice Beast               Ice/Summoning                4
Comestibles
 f - 11 rations


   Skills:
 - Level 10.0 Fighting
 * Level 16.1 Maces & Flails
 - Level 1.7 Throwing
 - Level 5.0 Armour
 - Level 2.4 Dodging
 - Level 4.0 Shields
 + Level 3.3 Invocations


You had 5 spell levels left.
You knew the following spells:

 Your Spells              Type           Power        Failure   Level  Hunger
a - Iron Shot             Conj/Erth      #.........   100%        6    #######


Dungeon Overview and Level Annotations

Branches:
Dungeon (12/15)            Temple (1/1) D:5            Lair (0/6) D:10
    Orc (2/2) D:11            Elf (0/3) Orc:2

Altars:
Ashenzari
Cheibriados
Dithmenos
Elyvilon
Fedhas
Hepliaklqana
Kikubaaqudgha
Makhleb
Nemelex Xobeh
Qazlal
Sif Muna
Trog
Uskayaw
Vehumet
Wu Jian
Xom
Yredelemnul
Zin
The Shining One
Beogh

Shops:
D:4 (   D:5 (   D:11 =   D:12 !

Annotations:
D:3 Fang's ghost, amateur GrBe


Innate Abilities, Weirdness & Mutations

You are resistant to torment.
Your stone body is resilient. (AC +8)
You are immune to poison.
You resist negative energy. (rN+)
You are resistant to electric shocks. (rElec)
You can survive without breathing.
You are immune to petrification.
You are immune to rotting.
You are weak. (Str -2)


Message History

Ye feel better.
Ye fade inta invisibility!
Tha cyclops throws a large rock.
Tha large rock hits ye!
* * * LOW HITPOINT WARNIN'
* * * Ye be very lightly contaminated wit' residual magic.
Tha cyclops hits ye but does nay damage.
Ye catch tha helpless cyclops completely off-guard!
Ye bludgeon tha cyclops!!
Tha cyclops be heavily wounded.
Ye strike tha helpless cyclops from behind!
Ye hit tha cyclops.
Tha cyclops be heavily wounded.
Ye be too injured ta fight recklessly!
Ye be too injured ta fight recklessly!
Ye be too injured ta fight recklessly!
Ye be too injured ta fight recklessly!
Ye barely miss tha cyclops.
Tha cyclops be heavily wounded.
Tha cyclops hits ye!!
Ye die...

##.).....####..#.....
##...)....#.##....$...
.....................
.>...##.............#
...####....(.$....##
...## ##...(.......#
....# #...........##
....####.......(..##
....##.#.......C@..#
.....#............##
...........##.......
#...........####......
#.........###
......... ###.......#
........# #......##
###...#### #.....##
.##. ##.####


You could see a cyclops.

Vanquished Creatures
  Erolcha (D:12)
  A hydra (D:12)
  Erica (D:8)
  5 two-headed ogres
  Pikel (D:4)
  An orc sorcerer (Orc:1)
  A deep elf mage (D:11)
  A cyclops (D:12)
  Psyche (D:8)
  Maurice (D:8)
  2 meliai (D:11)
  A troll (Orc:2)
  4 hippogriffs
  A wraith (D:11)
  Sigmund (D:4)
  A wyvern (D:12)
  A water elemental (D:11)
  A human (D:8)
  2 hungry ghosts
  4 yaks (D:12)
  2 steam dragons (D:8)
  Edmund (D:4)
  A warg (Orc:1)
  Duvessa (D:4)
  A water moccasin (D:12)
  Purgy (Sewer)
  14 orc warriors
  A sky beast (D:5)
  4 slaves (D:4)
  4 black bears
  A phantom (D:10)
  4 centaurs
  6 ogres
  5 big kobolds
  7 bullfrogs
  A wyvern skeleton (D:8)
  2 scorpions
  Dowan (D:4)
  13 killer bees
  3 electric eels (D:11)
  A howler monkey (D:5)
  6 crimson imps
  A bullfrog zombie (D:11)
  2 centaur zombies
  4 jellies
  3 quasits
  9 orc priests
  7 hounds
  17 orc wizards
  A centaur skeleton (D:6)
  A bullfrog skeleton (D:11)
  A gnoll shaman (D:4)
  An iguana (D:5)
  Ijyb (D:4)
  4 worker ants
  A hound skeleton (D:4)
  A howler monkey zombie (D:8)
  2 worker ant zombies
  Robin (D:4)
  15 gnolls
  A howler monkey skeleton (D:5)
  17 adders
  5 shadow imps
  3 adder skeletons (D:4)
  An adder zombie (D:6)
  3 worms
  A dart slug (D:1)
  7 leopard geckos
  85 orcs
  3 ball pythons
  10 bats
  4 giant cockroaches
  11 goblins
  11 hobgoblins
  17 jackals
  7 quokkas
  A ball python skeleton (D:5)
  10 frilled lizards
  23 kobolds
  2 leopard gecko skeletons (D:4)
  12 rats
418 creatures vanquished.

Vanquished Creatures (others)
  A scorpion (D:8)
  A goblin (D:4)
  A kobold (D:8)
  8 plants (D:11)
11 creatures vanquished.

Grand Total: 429 creatures vanquished

Notes
Turn   | Place    | Note
-------+----------+-------------------------------------------
     0 | D:1      | Inchmeat the Gargoyle Gladiator began the quest for the Orb.
     0 | D:1      | Reached XP level 1. HP: 12/12 MP: 1/1
    70 | D:1      | Reached XP level 2. HP: 17/17 MP: 2/2
   305 | D:1      | Reached skill level 4 in Maces & Flails
   460 | D:1      | Reached XP level 3. HP: 21/21 MP: 3/3
   879 | D:2      | Reached skill level 5 in Maces & Flails
   879 | D:2      | Reached XP level 4. HP: 25/26 MP: 4/4
  1378 | D:2      | Reached XP level 5. HP: 21/30 MP: 5/5
  1667 | D:2      | Reached skill level 6 in Maces & Flails
  1948 | D:3      | Noticed Fang's ghost (amateur GrBe)
  2231 | D:3      | Reached XP level 6. HP: 21/35 MP: 6/6
  3393 | D:3      | Reached skill level 1 in Shields
  3676 | D:4      | Noticed Robin
  3710 | D:4      | Killed Robin
  3863 | D:4      | Found a glowing drain.
  3867 | Sewer    | Entered a sewer
  3934 | Sewer    | Noticed Purgy
  3963 | Sewer    | Killed Purgy
  4197 | Sewer    | Reached skill level 7 in Maces & Flails
  4259 | D:4      | Noticed Sigmund
  4265 | D:4      | Reached XP level 7. HP: 38/40 MP: 7/7
  4292 | D:4      | Killed Sigmund
  4582 | D:4      | Noticed Ijyb
  4593 | D:4      | Killed Ijyb
  4781 | D:4      | Found Vuqugrei's Weapon Emporium.
  4787 | D:4      | Noticed Duvessa
  4788 | D:4      | Noticed Dowan
  4800 | D:4      | Noticed Pikel
  4924 | D:4      | Killed Dowan
  4924 | D:4      | Reached skill level 8 in Maces & Flails
  5006 | D:4      | Noticed Edmund
  5025 | D:4      | Killed Edmund
  5025 | D:4      | Reached XP level 8. HP: 36/44 MP: 8/8
  5140 | D:4      | Killed Duvessa
  5153 | D:4      | Reached skill level 9 in Maces & Flails
  5166 | D:4      | Killed Pikel
  5166 | D:4      | Reached skill level 10 in Maces & Flails
  5397 | D:4      | Got an ichor-stained leather armour
  5408 | D:4      | Identified the cursed +0 leather armour of Dirghob {*Contam rElec Int+5} (You found it on level 4 of the Dungeon)
  5474 | D:5      | Entered Level 5 of the Dungeon
  5647 | D:5      | Reached XP level 9. HP: 45/48 MP: 9/9
  5663 | D:5      | Found a staircase to the Ecumenical Temple.
  5687 | Temple   | Entered the Ecumenical Temple
  5795 | Temple   | Became a worshipper of Zin the Law-Giver
  5795 | Temple   | Reached * piety under Zin
  5927 | D:5      | Found Gupnexteqi's Antique Weapon Boutique.
  6336 | D:6      | Reached skill level 11 in Maces & Flails
  6503 | D:6      | Found a snail-covered altar of Cheibriados.
  6520 | D:6      | Reached ** piety under Zin
  7067 | D:7      | Reached skill level 12 in Maces & Flails
  7380 | D:7      | Reached *** piety under Zin
  7679 | D:7      | Got a spiked ring mail
  7690 | D:7      | Identified the +3 ring mail "Obowyh" {rElec rPois} (You found it on level 7 of the Dungeon)
  7742 | D:7      | Gained mutation: You are weak. (Str -2) [mutagenic glow]
  7882 | D:8      | Noticed a two-headed ogre
  7896 | D:8      | Killed a two-headed ogre
  7896 | D:8      | Reached skill level 13 in Maces & Flails
  7896 | D:8      | Reached XP level 10. HP: 49/53 MP: 8/10
  7946 | D:8      | Noticed Erica
  8054 | D:8      | Noticed a two-headed ogre
  8151 | D:8      | Killed a two-headed ogre
  8151 | D:8      | Reached skill level 14 in Maces & Flails
  8167 | D:8      | Noticed Psyche
  8168 | D:8      | Paralysed by Psyche for 6 turns
  8174 | D:8      | Noticed Maurice
  8632 | D:8      | Noticed a two-headed ogre
  8651 | D:8      | Killed a two-headed ogre
  8770 | D:8      | Reached skill level 15 in Maces & Flails
  9486 | D:9      | Reached XP level 11. HP: 36/57 MP: 11/11
  9664 | D:9      | Reached **** piety under Zin
 10187 | D:10     | Entered Level 10 of the Dungeon
 10773 | D:10     | Noticed a death yak
 10776 | D:10     | Found a staircase to the Lair.
 10776 | D:10     | Noticed a death yak
 10780 | D:10     | Noticed a death yak
 11248 | D:11     | Found Pocrae's Jewellery Emporium.
 12569 | D:11     | Reached skill level 5 in Fighting
 12630 | D:11     | Found a staircase to the Orcish Mines.
 13272 | D:12     | Noticed a two-headed ogre
 13283 | D:12     | Killed a two-headed ogre
 13416 | D:12     | Found Runoox's Distillery.
 13425 | D:12     | Bought a potion of might for 64 gold pieces
 13425 | D:12     | Bought a potion of degeneration for 16 gold pieces
 13437 | D:12     | Learned a level 6 spell: Iron Shot
 13453 | D:12     | Noticed a two-headed ogre
 13464 | D:12     | Killed a two-headed ogre
 13464 | D:12     | Reached skill level 1 in Armour
 14028 | D:12     | Noticed a six-headed hydra
 14047 | D:12     | Killed a six-headed hydra
 14207 | D:12     | Noticed Erolcha
 14231 | D:12     | Killed Erolcha
 14632 | D:12     | Reached XP level 12. HP: 48/75 MP: 12/12
 15203 | D:12     | Noticed a sun demon
 15502 | Orc:1    | Entered Level 1 of the Orcish Mines
 15618 | Orc:1    | Reached skill level 1 in Invocations
 15987 | Orc:1    | Reached ***** piety under Zin
 16286 | Orc:1    | Found a roughly hewn altar of Beogh.
 16447 | Orc:2    | Entered Level 2 of the Orcish Mines
 16757 | D:5      | Bought an ivory great mace for 310 gold pieces
 16762 | D:5      | Identified the +1 great mace of Mastery {antimagic, Int+2 SInv} (You bought it in a shop on level 5 of the Dungeon)
 17008 | D:8      | Paralysed by Psyche for 2 turns
 17014 | D:8      | Killed Psyche
 17014 | D:8      | Reached skill level 10 in Fighting
 17014 | D:8      | Reached skill level 5 in Armour
 17016 | D:8      | Got a flickering glass ring
 17032 | D:8      | Killed Maurice
 17038 | D:8      | Reached ****** piety under Zin
 17309 | D:8      | Killed Erica
 17309 | D:8      | Reached skill level 16 in Maces & Flails
 17757 | Orc:2    | Found a staircase to the Elven Halls.
 17843 | Orc:2    | Slain by a cyclops

Skill      XL: |  1  2  3  4  5  6  7  8  9 10 11 12 |
---------------+-------------------------------------+-----
Maces & Flails | 4 5 6 7 8 10 13 15 16 | 16.1
Shields        | 2 4 |  4.0
Fighting       | 8 10 | 10.0
Armour         | 3 5 |  5.0
Invocations    | 3 |  3.3
Throwing       | |  1.7
Dodging        | |  2.4

Action                   |  1- 3 |  4- 6 |  7- 9 | 10-12 || total
-------------------------+-------+-------+-------+-------++-------
Melee: Flail             |   106 |   324 |   551 |  1273 ||  2254
       Great mace        |       |       |       |   151 ||   151
Throw: Throwing net      |       |     5 |     1 |       ||     6
Invok: Recite            |       |       |       |     6 ||     6
  Use: Scroll            |       |       |    13 |     7 ||    20
       Potion            |       |       |       |    13 ||    13
 Stab: Held in net/web   |       |     1 |       |       ||     1
       Invisible         |       |       |       |     3 ||     3
       Confused          |       |       |       |     2 ||     2
  Eat: Chunk             |       |    10 |    14 |    10 ||    34
       Ration            |       |       |       |    10 ||    10
Armor: Leather armour    |    63 |       |   107 |       ||   170
       Ring mail         |    20 |   179 |   131 |   142 ||   472
       Plate armour      |       |       |       |   168 ||   168
       Chain mail        |       |       |       |   533 ||   533
Dodge: Dodged            |   117 |   242 |   275 |   475 ||  1109
Block: Buckler           |       |    41 |   118 |   301 ||   460
